AoeStats
← 一条固执的鱼

Highland

506200516Analyzed
3v3 RM · 19d ago on Sep 12, 2026· 37m 46s· 6 players
Game mode
Random Map
Map size
Normal (6 player)
Population
200
Speed
Normal
Resources
Standard
Victory
Conquest
Starting age
Dark Age
Ending age
Imperial Age
RankedLock teamsTeams togetherTeam positionsShared explorationLock speedFull tech treeHidden civsTurbo modeCheats
Victory
Defeat
🇨🇳 Japanese · China
1205
+16
🇨🇳 Slavs · China
1166
+18
🇨🇳 Vietnamese · China
1161
+18
1262
-19
1219
-18
🇲🇽 Koreans · Mexico
1149
-15
一条固执的鱼
8:13 Loom
11:12 Feudal Age
19:11 Castle Age
17:33 Double-Bit Axe
17:42 Gold Mining
17:42 Stone Mining
18:25 Horse Collar
18:50 Fletching
20:00 Crossbowman
29:50 Pikeman
34:46 Scale Mail Armor
38:10 Chain Mail Armor
沉着 冷静
10:53 Feudal Age
14:44 Castle Age
12:32 Double-Bit Axe
14:52 Loom
14:54 Town Watch
16:04 Gold Mining
16:31 Medium Warships
18:23 Bow Saw
19:00 Horse Collar
21:52 Heavy Plow
24:35 Wheelbarrow
25:50 Gold Shaft Mining
25:05 Stone Mining
29:21 Imperial Age
27:46 Scale Mail Armor
27:57 Forging
29:25 Chain Mail Armor
30:40 Iron Casting
30:22 Squires
30:07 Arson
31:49 Plate Mail Armor
31:37 Hand Cart
32:05 Conscription
32:25 Fletching
32:11 Elite Samurai
34:04 Blast Furnace
34:46 Bodkin Arrow
809591945
11:50 Feudal Age
12:40 Double-Bit Axe
18:11 Castle Age
16:19 Loom
16:55 Town Watch
18:45 Forging
19:17 Bow Saw
19:41 Medium Warships
19:29 Horse Collar
22:10 Iron Casting
23:43 Wheelbarrow
23:48 Gold Mining
23:48 Stone Mining
24:05 Heavy Plow
31:05 Imperial Age
29:06 Scale Barding Armor
31:06 Bloodlines
31:51 Chain Barding Armor
34:57 Plate Barding Armor
35:26 Elite Boyar
37:27 Hand Cart
38:46 Blast Furnace
38:46 Conscription
El Hijo de Zalvakky Jr. Dark
8:10 Loom
10:04 Feudal Age
14:11 Castle Age
29:30 Double-Bit Axe
31:35 Wagenburg Tactics
34:44 Light Cavalry
El hijo de Airbreaker Jr. Jr.
7:45 Loom
10:29 Feudal Age
11:14 Double-Bit Axe
14:25 Fletching
17:42 Horse Collar
22:11 Wheelbarrow
24:57 Castle Age
23:54 Scale Mail Armor
24:04 Forging
24:30 Gold Mining
25:04 Arson
26:52 Bow Saw
28:16 Squires
29:49 Iron Casting
30:38 Bloodlines
31:06 Scale Barding Armor
32:31 Chain Barding Armor
36:05 Bodkin Arrow
40:28 Imperial Age
Tezcatlipoca
4:55 Loom
12:01 Feudal Age
21:29 Castle Age
19:33 Stone Mining
19:56 Forging
19:39 Fletching
19:38 Double-Bit Axe
22:29 Medium Warships
31:42 Bow Saw
31:45 Crossbowman
37:57 Imperial Age
39:51 Imperial Age
Connection lost

Rejoining the realm…

Still unreachable

The connection could not be restored.

Session expired

The server has moved on; the page needs a fresh start.